 Dungeon Crawl Stone Soup version 0.30-a0-322-g102857c98e (webtiles) character file.

Game seed: 6193452026095726065

102050 LnG the Imperceptible (level 16, -3/93 HPs)
             Began as a Kobold Summoner on Oct 28, 2022.
             Was the Champion of Dithmenos.
             Slain by a broodmother (28 damage)
             ... on level 2 of the Lair of Beasts.
             The game lasted 01:24:06 (28840 turns).

LnG the Imperceptible (Kobold Summoner)            Turns: 28840, Time: 01:24:06

Health: -3/93      AC: 10    Str:  6    XL:     16   Next: 84%
Magic:  28/31      EV: 26    Int: 24    God:    Dithmenos [******]
Gold:   2026       SH:  0    Dex: 21    Spells: 25/38 levels left

rFire   + + +      SeeInvis .    Y - +7 captain's cutlass {speed, disarm}
rCold   + . .      Faith    .    (no shield)
rNeg    . . .      Spirit   .    S - +1 robe {rC+}
rPois   +          Reflect  .    P - +1 helmet
rElec   +          Harm     .    F - scarf {rC+ rF+}
rCorr   .          Rampage  +    g - +2 pair of gloves
Will    ++...                    G - +1 pair of boots {rampage} Stlth ###*******
                                 X - amulet of regeneration
HPRegen 1.15/turn                c - ring "Femeuschatra" {rElec rPois rC- Dex+6 Slay+5}
MPRegen 0.22/turn                E - ring "Anoriw" {rElec rF++ Will+ Slay+4 Stlth+}

@: wreathed by umbra
A: small, no large weapons, nightstalker 3
a: Renounce Religion, Shadow Step, Shadow Form


You were on level 2 of the Lair of Beasts.
You worshipped Dithmenos.
Dithmenos was exalted by your worship.
You visited 5 branches of the dungeon, and saw 24 of its levels.
You also visited: Sewer and Ice Cave.

You collected 2814 gold pieces.
You spent 788 gold pieces at shops.

Inventory:

Hand Weapons
 e - a +0 dagger
 p - a +3 dagger of electrocution
 C - a +2 short sword of venom
 W - the +7 falchion of Impatience {vorpal, rElec Str+2 Int+4 Stlth-}
   (You found it on level 12 of the Dungeon)

   It inflicts extra damage upon your enemies.
   Str:       It affects your strength (+2).
   Int:       It affects your intelligence (+4).
   rElec:     It insulates you from electricity.
   Stlth:     It makes you less stealthy.
 Y - the +7 captain's cutlass (weapon) {speed, disarm}
   (You found it on level 12 of the Dungeon)

   Attacks with this weapon are significantly faster.
   It may disarm weapon-wielding foes when striking them, dealing extra damage
   in the process.
Armour
 g - a +2 pair of gloves (worn)
 F - a scarf of resistance (worn)
 G - a +1 pair of boots of rampaging (worn)
 P - a +1 helmet (worn)
 Q - a +1 animal skin
 S - a +1 robe of cold resistance (worn)
Jewellery
 c - the ring "Femeuschatra" (left hand) {rElec rPois rC- Dex+6 Slay+5}
   (You acquired it on level 1 of the Dungeon)

   [ring of dexterity]

   Dex:       It affects your dexterity (+6).
   Slay:      It affects your accuracy & damage with ranged weapons and melee
   (+5).
   rC:        It makes you vulnerable to cold.
   rElec:     It insulates you from electricity.
   rPois:     It protects you from poison.
 s - a ring of protection from cold
 E - the ring "Anoriw" (right hand) {rElec rF++ Will+ Slay+4 Stlth+}
   (You found it on level 4 of the Dungeon)

   [ring of slaying]

   Slay:      It affects your accuracy & damage with ranged weapons and melee
   (+4).
   rF:        It greatly protects you from fire.
   rElec:     It insulates you from electricity.
   Will:      It increases your willpower.
   Stlth:     It makes you more stealthy.
 I - a ring of see invisible
 L - a ring of ice
 X - an amulet of regeneration (around neck)
Wands
 a - a wand of polymorph (3)
 v - a wand of paralysis (11)
 N - a wand of flame (24)
 V - a wand of mindburst (8)
 Z - a wand of roots (22)
Scrolls
 h - 6 scrolls of torment
 k - 2 scrolls of fear
 l - 2 scrolls of amnesia
 o - 6 scrolls of blinking
 q - 6 scrolls of noise
 t - 8 scrolls of magic mapping
 u - a scroll of summoning
 w - 9 scrolls of teleportation
 y - 3 scrolls of silence
 H - 4 scrolls of immolation
 K - 2 scrolls of brand weapon
 M - 4 scrolls of butterflies
 U - a scroll of poison
Potions
 b - 4 potions of magic
 d - 5 potions of haste
 f - 11 potions of curing
 i - 7 potions of degeneration
 j - 2 potions of lignification
 m - 4 potions of brilliance
 n - 2 potions of invisibility
 r - 4 potions of attraction
 x - 3 potions of heal wounds
 z - 5 potions of might
 A - 3 potions of cancellation
 B - 2 potions of resistance
 D - 3 potions of ambrosia
 O - 2 potions of berserk rage
 R - a potion of mutation {unknown}
 T - 2 potions of flight {unknown}
Miscellaneous
 J - a phantom mirror


   Skills:
 + Level 8.0 Fighting
 + Level 13.9 Short Blades
 * Level 13.8 Dodging
 * Level 26.4 Stealth
 * Level 11.5 Spellcasting
 + Level 0.3 Hexes
 + Level 6.6 Summonings
 + Level 1.8 Air Magic
 + Level 1.5 Evocations


You had 25 spell levels left.
You knew the following spells:

 Your Spells              Type           Power      Damage    Failure   Level
a - Summon Small Mammal   Summ           100%       N/A       1%          1
b - Call Imp              Summ           45%        N/A       1%          2
c - Call Canine Familiar  Summ           45%        N/A       1%          3
d - Summon Guardian Gole  Hex/Summ       30%        N/A       3%          3
e - Summon Lightning Spi  Summ/Air       34%        N/A       8%          4

Your spell library contained the following spells:

 Spells                   Type           Power      Damage    Failure   Level
 Slow                     Hex            60%        N/A       3%          1
 Apportation              Tloc           26%        N/A       4%          1
 Beastly Appendage        Tmut           26%        N/A       4%          1
 Kiss of Death            Conj/Necr      52%        2d9       4%          1
 Necrotise                Necr           52%        1d6       4%          1
 Static Discharge         Conj/Air       36%        2-4/arc   4%          2
 Ensorcelled Hibernation  Hex/Ice        28%        N/A       6%          2
 Blink                    Tloc           26%        N/A       7%          2
 Momentum Strike          Conj/Tloc      26%        3d8       7%          2
 Wereblood                Tmut           13%        N/A       7%          2
 Kindle Blastsparks       Fire/Tloc/Air  32%        2d12      11%         3
 Confusing Touch          Hex            15%        N/A       12%         3
 Tukima's Dance           Hex            15%        N/A       12%         3
 Dazzling Flash           Conj/Hex       28%        N/A       13%         3
 Portal Projectile        Hex/Tloc       28%        N/A       13%         3
 Ignite Poison            Fire/Tmut/Pois 13%        N/A       14%         3
 Lesser Beckoning         Tloc           26%        N/A       14%         3
 Ozocubu's Armour         Ice            13%        N/A       14%         3
 Spider Form              Tmut/Pois      13%        N/A       14%         3
 Vampiric Draining        Necr           13%        2d6       14%         3
 Anguish                  Hex/Necr       7%         N/A       38%         4
 Dispel Undead            Necr           13%        3d9       41%         4
 Iskenderun's Mystic Bla  Conj/Tloc      13%        2d5       41%         4
 Freezing Cloud           Conj/Ice/Air   8%         6-21      67%         5
 Metabolic Englaciation   Hex/Ice        7%         N/A       75%         5
 Agony                    Necr           13%        N/A       77%         5
 Alistair's Intoxication  Tmut/Pois      8%         N/A       77%         5
 Blade Hands              Tmut           6%         N/A       77%         5
 Conjure Ball Lightning   Conj/Air       9%         3x3d6     99%         6
 Simulacrum               Ice/Necr       6%         N/A       100%        6
 Starburst                Conj/Fire      6%         6d4       100%        6
 Malign Gateway           Summ/Tloc      14%        N/A       100%        7
 Summon Horrible Things   Summ           22%        N/A       100%        8


Dungeon Overview and Level Annotations

Branches:
Dungeon (15/15)            Temple (1/1) D:6            Lair (5/5) D:10
  Swamp (0/4) Lair:2       Spider (1/4) Lair:2        Slime (0/5) Lair:4
    Orc (2/2) D:9             Elf (0/3) Orc:2        Vaults (0/5) D:14
 Depths (0/4) D:15          Sewer (visited)           IceCv (visited)

Altars:
Ashenzari
Cheibriados
Dithmenos
Elyvilon
Fedhas
Gozag
Hepliaklqana
Kikubaaqudgha
Makhleb
Nemelex Xobeh
Okawaru
Qazlal
Ru
Sif Muna
Trog
Uskayaw
Vehumet
Wu Jian
Xom
Yredelemnul
Zin
The Shining One
Jiyva
Lugonu

Shops:
D:2 :   D:6 ?   D:13 *   D:14 [   Orc:1 [(:   Orc:2 ([:*

Portals:
Abyss: Lair:5

Annotations:
D:3 2 transporters
Lair:4 1 runed translucent door


Innate Abilities, Weirdness & Mutations

You are small and have problems with some larger weapons.
You are completely attuned to the shadows.


Message History

The tarantella completely misses you.
The jumping spider completely misses you. x2
The tarantella misses you.
You climb upwards.
Welcome back to the Lair of Beasts!
There is a hole to the Spider Nest here.
You are too injured to fight recklessly!
You are too injured to fight recklessly!
You start resting.
HP restored.
You climb downwards.
Welcome back to the Spider Nest!
This branch contains the gossamer rune of Zot.
The wolf spider barely misses you. The wolf spider completely misses you.
The broodmother bites you!!
You emit a cloud of dark smoke.
The wolf spider barely misses you.
The wolf spider bites you but does no damage.
There is a crawl-hole back to the Lair, spattered with blood here.
The broodmother completely misses you. The wolf spider hits you!
You emit a cloud of dark smoke.
The wolf spider completely misses you.
You climb upwards.
Welcome back to the Lair of Beasts!
There is a hole to the Spider Nest here.
You impale the broodmother!!
The broodmother is lightly wounded.
The wolf spider misses you. The wolf spider closely misses you.
The broodmother completely misses you.
You hit the broodmother.
The broodmother is lightly wounded.
You hit the broodmother.
The broodmother is moderately wounded.
The wolf spider hits you! The wolf spider closely misses you.
You puncture the broodmother!
The broodmother is moderately wounded.
Your shadow hits the broodmother with a rapier.
The broodmother bites you!!
* * * LOW HITPOINT WARNING * * *
You hit the broodmother.
The broodmother is moderately wounded.
The wolf spider barely misses you. The wolf spider completely misses you.
Cast which spell? (? or * to list)
The broodmother bites you!!
You die...

........##.###..######.#..##
#.. ...(.....P..##...#
#.....# #..
...[............## ##..#####
##.
..P............#####^......#
#.
...........#####....###.^###
#. ............#
#.^....#..#.# #.
...........## ##'≈≈≈.#.^#.#
##.
............###.^h≈≈##.^..#
#..
..P....(....#.#^@s≈≈..#.###
#..
..............##.s≈≈#..#..#
#P.
#..(..(.....####'≈≈≈^.^^.^#
##.
##......P#...##^^....^.^^.#
#.
#P..........#####^.####^.##
###.
...............#####.#..##
###...
....#P.##...###...##...#.#
#.#.P#
....#.............#......#
##....
.....###....P.#.##..#....#
#.....


You could see a broodmother (ally target), a wolf spider and a friendly hound
(summoned).

Vanquished Creatures
  A very ugly thing (D:13)
  3 orc warlords
  A reaper (IceCv)
  A dire elephant (D:15)
  4 vault guards
  4 hydras
  An ogre mage (D:14)
  5 boulder beetles
  4 centaur warriors
  3 two-headed ogres
  An orc high priest (Orc:2)
  3 thrashing horrors (Lair:5)
  A fire crab (Lair:5)
  5 skeletal warriors (D:15)
  An orb spider (Lair:2)
  2 wizards (D:13)
  A harpy (shapeshifter) (Lair:5)
  A deep elf archer (D:14)
  A wolf spider (D:15)
  7 orc knights
  6 orc sorcerers
  A deep elf pyromancer (D:14)
  2 oklob plants
  A salamander (D:15)
  6 cyclopes
  26 ugly things
  4 manticores
  2 black mambas (Lair:1)
  A black mamba (shapeshifter) (D:15)
  16 cane toads
  8 elephants
  2 smoke demons (Lair:5)
  2 ice statues (IceCv)
  A gargoyle (D:12)
  A torpor snail (Lair:1)
  Maggie (D:8)
  2 rime drakes
  4 yaktaurs
  6 ice devils (IceCv)
  A freezing wraith (IceCv)
  8 komodo dragons
  An ancient zyme (Lair:5)
  4 trolls
  Grinder (D:4)
  A blink frog (shapeshifter) (Lair:5)
  9 dream sheep
  3 slime creatures (D:13)
  27 blink frogs
  A jumping spider (shapeshifter) (D:15)
  Sigmund (D:6)
  60 yaks
  2 ynoxinuls (Lair:5)
  7 wyverns
  A dire elephant simulacrum (IceCv)
  2 large abominations (Lair:5)
  9 basilisks
  4 steam dragons
  A redback (Spider:1)
  5 vampire mosquitoes
  Grum (D:8)
  A death yak simulacrum (IceCv)
  5 wargs
  6 acid dragons
  A harpy simulacrum (IceCv)
  Edmund (D:6)
  12 water moccasins
  8 small abominations (Lair:5)
  2 black bears
  31 orc warriors
  3 sky beasts
  5 ice beasts
  23 wolves
  8 ogres
  5 centaurs
  2 phantoms
  6 kobold brigands
  A nameless horror (Orc:2)
  11 bullfrogs
  4 scorpions
  2 gnoll sergeants (D:9)
  A two-headed ogre simulacrum (IceCv)
  4 necrophages
  5 wights (D:7)
  A cane toad simulacrum (IceCv)
  2 elephant simulacra (IceCv)
  9 killer bees
  3 electric eels (D:9)
  7 howler monkeys
  A bullfrog zombie (D:7)
  A human zombie (D:7)
  17 orc priests
  3 jellies
  2 gnoll boudas (D:7)
  A hound (D:7)
  6 iguanas
  35 orc wizards
  6 hell rats (Lair:4)
  A polar bear simulacrum (IceCv)
  4 troll simulacra (IceCv)
  3 spriggan simulacra (IceCv)
  2 killer bee zombies (D:7)
  2 wolf simulacra (IceCv)
  2 mummies (D:7)
  A howler monkey zombie (D:7)
  13 gnolls
  5 adders
  3 naga simulacra (IceCv)
  2 river rats (D:3)
  8 white imps
  3 ufetubi (IceCv)
  2 worms
  A dart slug (D:2)
  84 orcs
  16 ball pythons
  3 bats
  5 endoplasms
  6 giant cockroaches
  3 goblins
  5 hobgoblins
  6 quokkas
  3 frilled lizards
  20 kobolds
  6 rats
741 creatures vanquished.

Vanquished Creatures (collateral kills)
  A centaur warrior (D:13)
  A thrashing horror (Lair:5)
  2 slime creatures (D:12)
  4 yaks (Lair:5)
  A centaur (D:13)
  2 kobold brigands (Sewer)
  An adder (D:2)
  6 white imps (Lair:5)
  A dart slug (D:1)
  7 orcs
  An endoplasm (D:1)
  A goblin (D:1)
  3 hobgoblins
  6 kobolds
  A quokka (D:1)
  A rat (D:1)
39 creatures vanquished.

Vanquished Creatures (others)
  A deep elf pyromancer (D:7)
  A human (D:5)
  2 centaurs
  An orc (D:7)
  21 fungi
  53 plants
  2 withered plants (D:2)
81 creatures vanquished.

Grand Total: 861 creatures vanquished

Notes
Turn   | Place    | Note
-------+----------+-------------------------------------------
     0 | D:1      | LnG the Kobold Summoner began the quest for the Orb.
     0 | D:1      | Reached XP level 1. HP: 10/10 MP: 3/3
   201 | D:1      | Reached XP level 2. HP: 15/15 MP: 5/5
   204 | D:1      | Learned a level 2 spell: Call Imp
   378 | D:1      | Reached skill level 3 in Stealth
   467 | D:1      | Reached XP level 3. HP: 19/19 MP: 6/6
   471 | D:1      | Learned a level 3 spell: Call Canine Familiar
   977 | D:1      | Identified a scroll of acquirement
   977 | D:1      | Acquired the ring "Femeuschatra" {rElec rPois rC- Dex+6
                  | Slay+5}
  1119 | D:2      | Reached XP level 4. HP: 24/24 MP: 2/8
  1222 | D:2      | Found Ihoadyoj's Book Shoppe.
  1787 | D:2      | Found a faded altar of an unknown god.
  2374 | D:3      | Found a transporter.
  2562 | D:3      | Found a transporter.
  2617 | D:3      | Reached skill level 4 in Stealth
  2767 | D:3      | Found an ornate altar of the Wu Jian Council.
  2822 | D:3      | Found a glowing drain.
  2828 | Sewer    | Entered a sewer
  2906 | Sewer    | Noticed a kobold brigand
  2906 | Sewer    | Noticed a kobold brigand
  2907 | Sewer    | Noticed a kobold brigand
  2925 | Sewer    | Killed a kobold brigand
  2926 | Sewer    | Reached skill level 1 in Short Blades
  2926 | Sewer    | Reached skill level 5 in Stealth
  2926 | Sewer    | Reached XP level 5. HP: 25/28 MP: 2/9
  2938 | Sewer    | Killed a kobold brigand
  2939 | Sewer    | Reached skill level 6 in Stealth
  2939 | Sewer    | Reached XP level 6. HP: 24/33 MP: 0/10
  3043 | Sewer    | Reached skill level 7 in Stealth
  3137 | Sewer    | Reached XP level 7. HP: 37/37 MP: 12/12
  3554 | D:3      | Found a sacrificial altar of Ru.
  3654 | D:4      | Found a burning altar of Makhleb.
  3667 | D:4      | Noticed Grinder
  3672 | D:4      | Killed Grinder
  3673 | D:4      | Reached skill level 1 in Fighting
  3673 | D:4      | Reached skill level 8 in Stealth
  3752 | D:4      | Found a shadowy altar of Dithmenos.
  3757 | D:4      | Became a worshipper of Dithmenos the Shadowed
  3788 | D:4      | Reached XP level 8. HP: 36/43 MP: 13/13
  3837 | D:4      | Reached skill level 9 in Stealth
  3850 | D:4      | Identified the ring "Anoriw" {rElec rF++ Will+ Slay+4
                  | Stlth+}
  3862 | D:4      | Found an iron altar of Okawaru.
  4093 | D:4      | Learned a level 3 spell: Summon Guardian Golem
  4118 | D:4      | Learned a level 4 spell: Summon Lightning Spire
  4211 | D:4      | Reached * piety under Dithmenos
  4463 | D:5      | Entered Level 5 of the Dungeon
  4497 | D:5      | Reached skill level 10 in Stealth
  4829 | D:5      | Reached skill level 5 in Dodging
  4933 | D:5      | Found a shimmering altar of Xom.
  5016 | D:5      | Reached XP level 9. HP: 41/47 MP: 15/15
  5033 | D:5      | Found an ancient bone altar of Kikubaaqudgha.
  5109 | D:5      | Reached skill level 5 in Short Blades
  5109 | D:5      | Reached skill level 11 in Stealth
  5993 | D:6      | Reached skill level 12 in Stealth
  5993 | D:6      | Reached skill level 5 in Spellcasting
  6001 | D:6      | Found Cuynusoo's Magic Scroll Emporium.
  6007 | D:6      | Bought a scroll of immolation for 52 gold pieces
  6007 | D:6      | Bought a scroll of identify for 26 gold pieces
  6007 | D:6      | Bought a scroll of identify for 26 gold pieces
  6007 | D:6      | Bought a scroll of butterflies for 52 gold pieces
  6252 | D:6      | Found a staircase to the Ecumenical Temple.
  6259 | Temple   | Entered the Ecumenical Temple
  6262 | Temple   | Found a transporter.
  6262 | Temple   | Found a transporter.
  6264 | Temple   | Found a transporter.
  6264 | Temple   | Found a transporter.
  6436 | D:6      | Noticed Edmund
  6440 | D:6      | Killed Edmund
  6456 | D:6      | Noticed Sigmund
  6459 | D:6      | Killed Sigmund
  6996 | D:7      | Found a sparkling altar of Nemelex Xobeh.
  7015 | D:7      | Reached skill level 13 in Stealth
  7065 | D:7      | Reached XP level 10. HP: 25/53 MP: 18/18
  7173 | D:7      | Found a basalt altar of Yredelemnul.
  7281 | D:7      | Reached ** piety under Dithmenos
  7282 | D:7      | Reached skill level 14 in Stealth
  7379 | D:7      | Reached skill level 15 in Stealth
  7526 | D:7      | Noticed a deep elf pyromancer
  7559 | D:7      | Killed a deep elf pyromancer
  8110 | D:7      | Noticed a cyclops
  8114 | D:7      | Killed a cyclops
  8115 | D:7      | Reached XP level 11. HP: 58/60 MP: 20/20
  8117 | D:7      | Got Yruihor's Anthology of the Brume and Shifting
  8257 | D:7      | Reached *** piety under Dithmenos
  8398 | D:7      | Reached skill level 5 in Summonings
  8662 | D:8      | Reached skill level 16 in Stealth
  8751 | D:8      | Found a glowing golden altar of the Shining One.
  9025 | D:8      | Noticed a two-headed ogre
  9029 | D:8      | Killed a two-headed ogre
  9164 | D:8      | Noticed Maggie
  9168 | D:8      | Killed Maggie
  9442 | D:8      | Noticed Grum
  9453 | D:8      | Reached skill level 17 in Stealth
  9457 | D:8      | Killed Grum
 10313 | D:9      | Reached **** piety under Dithmenos
 10540 | D:9      | Found a staircase to the Orcish Mines.
 10606 | D:9      | Noticed a two-headed ogre
 10610 | D:9      | Killed a two-headed ogre
 10623 | D:9      | Reached skill level 1 in Evocations
 10748 | D:9      | Found a bloodstained altar of Trog.
 11433 | D:10     | Entered Level 10 of the Dungeon
 11475 | D:10     | Found a staircase to the Lair.
 11482 | D:10     | Noticed an oklob plant
 11495 | D:10     | Killed an oklob plant
 11716 | D:10     | Reached skill level 18 in Stealth
 11731 | D:10     | Reached XP level 12. HP: 16/66 MP: 20/23
 11988 | D:10     | Noticed a two-headed ogre
 11992 | D:10     | Killed a two-headed ogre
 12676 | D:11     | Noticed a boulder beetle
 12680 | D:11     | Killed a boulder beetle
 12775 | D:11     | Reached skill level 19 in Stealth
 13785 | D:12     | Identified the +7 falchion of Impatience {vorpal, rElec
                  | Str+2 Int+4 Stlth-}
 14393 | D:12     | Found the +7 captain's cutlass {speed, disarm}
 14552 | D:13     | Noticed a centaur warrior
 14556 | D:13     | Killed a centaur warrior
 14576 | D:13     | Reached skill level 20 in Stealth
 14894 | D:13     | Found Beyniw's Neck Hole.
 15016 | D:13     | Reached XP level 13. HP: 53/72 MP: 25/25
 15485 | D:13     | Noticed a purple very ugly thing
 15489 | D:13     | Killed a purple very ugly thing
 15491 | D:13     | Reached skill level 5 in Fighting
 15491 | D:13     | Reached skill level 21 in Stealth
 15561 | D:13     | Reached skill level 10 in Dodging
 15736 | D:14     | Noticed a centaur warrior
 15906 | D:13     | Killed a centaur warrior
 16020 | D:13     | Reached ***** piety under Dithmenos
 16194 | D:14     | You fall into a shaft and drop 1 floor!
 16194 | D:15     | Entered Level 15 of the Dungeon
 16261 | D:14     | Found Akosuq's Armour Emporium.
 16715 | D:14     | Reached skill level 10 in Short Blades
 16809 | D:14     | Noticed a vault guard
 16830 | D:14     | Noticed a vault guard
 16832 | D:14     | Noticed an ogre mage
 16834 | D:14     | Killed a vault guard
 16841 | D:14     | Killed an ogre mage
 16875 | D:14     | Killed a vault guard
 16940 | D:14     | Reached XP level 14. HP: 79/79 MP: 27/27
 16955 | D:14     | Found a gate to the Vaults.
 17180 | D:13     | Reached skill level 1 in Air Magic
 17927 | D:15     | Reached skill level 22 in Stealth
 18653 | D:15     | Reached skill level 10 in Spellcasting
 18907 | D:15     | Found a staircase to the Depths.
 18907 | D:15     | Noticed a dire elephant
 18912 | D:15     | Killed a dire elephant
 19160 | Lair:1   | Entered Level 1 of the Lair of Beasts
 19302 | Lair:1   | Reached skill level 23 in Stealth
 20255 | Lair:2   | Reached XP level 15. HP: 85/85 MP: 29/29
 20537 | Lair:2   | Found a hole to the Spider Nest.
 20733 | Lair:2   | Reached ****** piety under Dithmenos
 20954 | Lair:2   | Found a staircase to the Swamp.
 20961 | Lair:2   | Reached skill level 24 in Stealth
 22043 | Lair:3   | Identified the +4 ring mail of Responsibility {Str+4}
 22588 | Lair:4   | Found a runed translucent door.
 22588 | Lair:4   | Found a viscous altar of Jiyva.
 22589 | Lair:4   | Found a staircase to the Slime Pits.
 23327 | Lair:5   | Entered Level 5 of the Lair of Beasts
 23397 | Lair:5   | Found a frozen archway.
 23410 | Lair:5   | Reached skill level 25 in Stealth
 23656 | IceCv    | Entered an ice cave
 24024 | IceCv    | Noticed a reaper
 24028 | IceCv    | Killed a reaper
 24944 | Lair:5   | Reached XP level 16. HP: 92/92 MP: 30/30
 25568 | Lair:4   | HP: 4/92 [yak (7)]
 25887 | Lair:5   | Reached skill level 26 in Stealth
 26443 | Lair:5   | Found a corrupted altar of Lugonu.
 26445 | Lair:5   | Found a one-way gate to the infinite horrors of the Abyss.
 26923 | Orc:1    | Entered Level 1 of the Orcish Mines
 27083 | Orc:1    | Found Vyxocyta's Weapon Boutique.
 27170 | Orc:1    | Found Ziphajug's Antique Armour Boutique.
 27306 | Orc:1    | Found Ykimuf's Book Shoppe.
 27311 | Orc:1    | Bought a Grand Grimoire for 544 gold pieces
 27408 | Orc:2    | Entered Level 2 of the Orcish Mines
 27853 | Orc:2    | Found Dox Mig's General Store.
 28018 | Orc:2    | Found Syvvintu's Antique Armour Boutique.
 28023 | Orc:2    | Bought a runed robe for 88 gold pieces
 28294 | Orc:2    | Found a staircase to the Elven Halls.
 28377 | Orc:2    | Found Zaimidgh's Antique Weapon Boutique.
 28393 | Orc:2    | Found Ocruzxu's Book Boutique.
 28758 | Spider:1 | Entered Level 1 of the Spider Nest
 28840 | Lair:2   | Slain by a broodmother

Illustrated notes

Levels and vault maps discovered:
D:1:      amcnicky_arrival_double_pillar, layout_loops_ring
D:2:      layout_loops_ring, shapermc_ecumenical_altar_flowoftime, serial_shops,
          shop, st_stairs_5
D:3:      gammafunk_wand_slinger, layout_basic,
          mainiacjoe_overflow_six_doors_small, amcnicky_altar_gilded,
          serial_bayou, serial_bayou_pond_d, serial_bayou_pond_c,
          serial_bayou_pond_e, serial_bayou_pond_d, portal_sewer_entry_b
D:4:      layout_cave_pools, mainiacjoe_overflow_boulevard,
          okawaru_ov_weapons_minmay, kennysheep_little_box, serial_column_ruins,
          column_ruins_hut, column_ruins_open_medium_water,
          column_ruins_open_small, column_ruins_open_tiny_water,
          column_ruins_open_tiny, column_ruins_grid_4,
          chequers_serial_rivers_micro_a, uniq_crazy_yiuf_cottage, uniq_grinder
D:5:      layout_basic, mainiacjoe_overflow_paths, tgw_kikubaaqudgha,
          roderic_lattice_a
D:6:      layout_loops_ring, minmay_temple_entry_enclosed_plants, serial_shops,
          nicolae_lakefront_shop, sigmund_edmund_badplayer
D:7:      nzn_winding_woodlands_stair_cross [nzn_winding_woodlands_5x15_jagged,
          nzn_winding_woodlands_center_garden,
          nzn_winding_woodlands_5x15_pathside_ponds,
          nzn_winding_woodlands_hourglass, nzn_winding_woodlands_5x5_cross,
          nzn_winding_woodlands_5x15_zeroes,
          nzn_winding_woodlands_center_diamonds,
          nzn_winding_woodlands_5x15_eye], layout_gridville,
          lemuel_doored_altar, lemuel_mausoleum_altar_yredelemnul
D:8:      layout_gridville, tso_metal_star, uniq_maggie, uniq_grum
D:9:      layout_basic, general_overflow_altar, erik_orc_2,
          minmay_fractal_squares_diagonal_5
D:10:     layout_roguey, dpeg_oklobed_lair, patterned_corridor
D:11:     layout_loops_ring
D:12:     layout_cave_pods
D:13:     cheibrodos_breeding_chamber, layout_basic,
          nicolae_shop_sticking_my_neck_out
D:14:     layout_gridville, grunt_vaults_entry_fortified, serial_shops,
          nicolae_shop_hallway_plus
D:15:     hangedman_depths_entry_try_elsewhere_first, layout_basic, hex_medium
Temple:   hellmonk_temple_divided_pantheon
Lair:1:   layout_regular_city, chequers_serial_rivers_small_3
Lair:2:   cheibrodos_lair_river_kwai, layout_loops_ring,
          minmay_swamp_entry_reptiles, nicolae_spider_entry_orb_guardian,
          lemuel_fruit_tree
Lair:3:   layout_roguey
Lair:4:   layout_regular_city, slime_entry_2, beast_lair_carwin_6
Lair:5:   hellmonk_lair_end_abyssal_woods, layout_cave_pods,
          portal_ice_cave_entry_imps, minmay_lair_oklob_items, ldierk_geyser,
          grunt_megastairs_2
Spider:1: layout_spider_delve
Orc:1:    layout_caves, serial_shops, nicolae_shop_overgrown_old_shop,
          nicolae_shop_advertising_works [nicolae_subvault_shop_adworks],
          shop_coins
Orc:2:    grunt_orc_cross, layout_caves, rock_pile

Skill      XL: |  1  2  3  4  5  6  7  8  9 10 11 12 13 14 15 16 |
---------------+-------------------------------------------------+-----
Stealth        | 3 5 6 7 8 10 13 15 18 20 21 23 25 26 | 26.4
Dodging        | 3 4 5 7 8 9 10 11 12 13 | 13.8
Short Blades   | 1 2 3 4 6 7 8 10 11 12 13 | 13.9
Spellcasting   | 3 4 5 6 7 8 9 10 11 | 11.5
Fighting       | 1 3 4 5 6 7 8 |  8.0
Summonings     | 5 6 |  6.6
Evocations     | 1 |  1.5
Air Magic      | 1 |  1.8
Hexes          | |  0.3

Action                   |  1- 3 |  4- 6 |  7- 9 | 10-12 | 13-15 | 16-18 || total
-------------------------+-------+-------+-------+-------+-------+-------++-------
Melee: Unarmed           |     8 |       |       |       |       |       ||     8
       Short sword       |     5 |       |       |       |       |       ||     5
       Dagger            |    63 |    61 |   168 |   407 |       |       ||   699
       Punch             |     1 |       |     2 |     6 |    14 |    12 ||    35
       Cutlass           |       |       |       |    26 |   721 |   561 ||  1308
 Cast: Summon Small Mamm |     5 |       |       |       |       |       ||     5
       Call Imp          |     4 |     1 |       |     5 |     1 |     2 ||    13
       Call Canine Famil |     1 |     3 |       |    15 |    11 |     8 ||    38
       Summon Guardian G |       |       |       |     1 |       |       ||     1
       Summon Lightning  |       |       |       |     1 |     9 |     7 ||    17
Evoke: Wand              |       |       |       |    15 |       |       ||    15
  Use: Scroll            |     2 |     8 |     4 |     6 |    17 |     2 ||    39
       Potion            |       |       |       |       |     7 |     1 ||     8
 Stab: Sleeping          |     8 |    16 |    44 |    82 |   147 |    23 ||   320
       Distracted        |       |       |     1 |     5 |     7 |    12 ||    25
       Invisible         |       |       |       |       |     5 |       ||     5
Armor: Robe              |    10 |     7 |    20 |    33 |     1 |    45 ||   116
       Animal skin       |       |       |       |    24 |    49 |       ||    73
Dodge: Dodged            |    59 |    35 |    79 |   342 |   419 |   449 ||  1383

Table legend: (Time is in decaauts)
 A = Elapsed time spent in this place.
 B = Non-inter-level travel time spent in this place.
 C = Inter-level travel time spent in this place.
 D = Time resting spent in this place.
 E = Time spent auto-exploring this place.
 F = Levels seen in this place.
 G = Mean time per level.
                   A        B        C        D        E       F      G
               +--------+--------+--------+--------+--------+-----+--------+
         Total |  27990 |  26556 |   1434 |   4271 |  16205 |  26 | 1076.5 |
       Dungeon |  18462 |  17486 |    976 |   2768 |  10715 |  15 | 1230.8 |
        Temple |     72 |     47 |     25 |      0 |     35 |   1 |   72.0 |
          Lair |   6685 |   6309 |    376 |    965 |   4483 |   5 | 1337.0 |
   Spider Nest |     17 |     17 |      0 |      0 |      0 |   1 |   17.0 |
  Orcish Mines |   1508 |   1453 |     55 |    122 |    854 |   2 |  754.0 |
         Sewer |    511 |    511 |      0 |     57 |     53 |   1 |  511.0 |
      Ice Cave |    732 |    732 |      0 |    359 |     65 |   1 |  732.0 |
               +--------+--------+--------+--------+--------+-----+--------+

Top non-repeatable levels by time:
  Lair:5: 2100 daAuts
    D:13: 1812 daAuts
     D:7: 1664 daAuts
     D:9: 1512 daAuts
    D:14: 1488 daAuts
  Lair:4: 1451 daAuts
    D:12: 1346 daAuts
     D:2: 1314 daAuts
     D:8: 1313 daAuts
     D:5: 1240 daAuts
  Lair:2: 1217 daAuts
     D:6: 1144 daAuts
    D:15: 1120 daAuts
  Lair:1: 1046 daAuts
     D:1: 1032 daAuts
